 Dungeon Crawl Stone Soup version 0.17-a0-1910-g4c791fa (webtiles) character file.

152 wvc the Ducker (level 5, -5/26 HPs)
             Began as a Spriggan Gladiator on Sept 25, 2015.
             Slain by kae's ghost (10 damage)
             ... on level 4 of the Dungeon.
             The game lasted 00:04:19 (2949 turns).

wvc the Ducker (Spriggan Gladiator)                 Turns: 2949, Time: 00:04:19

Health: -5/26      AC:  2    Str: 11    XL:     5   Next: 11%
Magic:  6/6        EV: 20    Int: 10    God:
Gold:   184        SH:  0    Dex: 17    Spells: 0 memorised, 4 levels left

rFire  . . .     SeeInvis +     a - +1 quarterstaff
rCold  . . .     Clarity  .     b - +0 robe
rNeg   . . .     SustAt   .     (shield restricted)
rPois  .         Gourm    .     c - +0 hat
rElec  .         Spirit   .     (no cloak)
rCorr  .         Warding  .     (gloves unavailable)
rMut   .         Stasis   .     (boots unavailable)
MR     .....                    (no amulet)
Stlth  ++........               (no ring)
                                (no ring)

@: very quick, not resistant to hostile enchantments, unstealthy
A: unfitting armour, see invisible, herbivore 3, speed 3, slow metabolism 2
a: no special abilities


You were on level 4 of the Dungeon.
You were not hungry.

You visited 1 branch of the dungeon, and saw 4 of its levels.

You collected 184 gold pieces.

Inventory:

Hand weapons
 a - a +1 quarterstaff (weapon)
Missiles
 d - 4 throwing nets (quivered)
 l - 40 poisoned needles
Armour
 b - a +0 robe (worn)
 c - a +0 hat (worn)
Magical devices
 p - a wand of draining (3)
Scrolls
 k - a scroll of magic mapping
Potions
 f - a potion of cancellation
 m - a potion of agility
 n - a potion of curing
 q - a potion of haste {unknown}
 t - a potion of heal wounds {unknown}
Comestibles
 e - a bread ration
 r - 4 fruits
 v - a slice of pizza


   Skills:
 + Level 2.1 Fighting
 * Level 4.2 Staves
 - Level 2.1 Throwing
 - Level 4.4 Dodging


You had 4 spell levels left.
You didn't know any spells.

Dungeon Overview and Level Annotations

Branches:
Dungeon (4/15)
 Temple: D:4-7

Altars:
Ashenzari
Makhleb

Annotations:
D:4 kae's ghost, average MiFi


Innate Abilities, Weirdness & Mutations

You are tiny and cannot use many weapons and most armour.
You have supernaturally acute eyesight.
You are a herbivore.
You cover ground extremely quickly.
You need consume almost no food.


Message History

You have reached level 5!
You feel clever. The orc closely misses you.
You hit the orc.
The orc is severely wounded.
Kae's ghost closely misses you. The orc hits you but does no damage.
You sock the orc!
You kill the orc!
Kae's ghost completely misses you.
There is an open door here.
Things that are here:
a flail; a scale mail You closely miss kae's ghost.
Kae's ghost is lightly damaged.
Kae's ghost hits you!
* * * LOW HITPOINT WARNING * * *
You sock kae's ghost!
Kae's ghost is moderately damaged.
Kae's ghost hits you!
You die...

*,,,,,,,#...#.......#.#
*,,,,,,##...##......#.######
*,,,,,,#...(.#.............#
*,,,,,,#....W#.....##.####.#
***,,,,*,,,#.[..........# #.#
,,,,***,*,*#####.######## #.#
***,*,,,,,** #.# #.# *
,,,,,,,,,,,*** #W# #.# *
*,,,,,*,,*,,,**#@#* #)# *
*,,,,,*,,*,,,*#...#* #.# *
**,,,**,***,,....?.#* **#.## *
,*,,,*,,*,*.........#* **,#..# *
,**,**,**,##.........#**#o[.#.#**
,,*,*,,*,,,#........$+.oo...,...,
,,***,**,,,##........####...*.###
,,,*,,*,,,,,#.......## ##.#*.# *
,,,*,,*,,,,,*,,,,,,** ##**.# *


You could see kae's ghost.

Vanquished Creatures
  A scorpion (D:4)
  2 adders (D:3)
  A gnoll (D:1)
  An ooze (D:1)
  2 worms
  2 giant geckos
  7 orcs
  8 bats
  3 giant cockroaches
  3 goblins
  2 hobgoblins
  11 jackals (D:2)
  6 kobolds
  2 giant newts (D:1)
  6 rats
57 creatures vanquished.

Notes
Turn   | Place    | Note
--------------------------------------------------------------
     0 | D:1      | wvc the Spriggan Gladiator began the quest for the Orb.
     0 | D:1      | Reached XP level 1. HP: 10/10 MP: 2/2
    57 | D:1      | Reached XP level 2. HP: 13/15 MP: 3/3
   724 | D:1      | Reached XP level 3. HP: 16/18 MP: 4/4
  1784 | D:3      | Found a burning altar of Makhleb.
  1898 | D:3      | Reached XP level 4. HP: 20/23 MP: 5/5
  2765 | D:4      | Found a shattered altar of Ashenzari.
  2927 | D:4      | Noticed kae's ghost (average MiFi)
  2944 | D:4      | Reached XP level 5. HP: 12/26 MP: 6/6
  2949 | D:4      | Slain by kae's ghost

Vault maps used:
D:1:      lemuel_arrival_lava_pool
D:2:      kennysheep_cross_room
D:3:      lemuel_altar_in_water2
D:4:      nicolae_ashenzari_panopticon, first_bread, serial_shops,
          kennysheep_mini, minmay_unequal

Action                   |  1- 3 |  4- 6 || total
-------------------------+-------+-------++-------
Melee: Quarterstaff      |   148 |    55 ||   203
  Use: Scroll            |       |    10 ||    10
 Stab: Sleeping          |     3 |       ||     3
